 Dungeon Crawl Stone Soup version 0.31.0-11-ge490571c62 (webtiles) character file.

Game seed: 4747387995223714648

121 Aviak the Firebug (level 4, 30/30 HPs)
             Began as a Demonspawn Fire Elementalist on Jan 26, 2024.
             Was a Follower of Nemelex Xobeh.
             Quit the game on level 3 of the Dungeon.
             The game lasted 00:03:18 (2886 turns).

Aviak the Firebug (Demonspawn Fire Elementalist)    Turns: 2886, Time: 00:03:19

Health: 30/30      AC:  2    Str:  8    XL:     4   Next: 77%
Magic:  8/8        EV: 13    Int: 18    God:    Nemelex Xobeh [*.....]
Gold:   130        SH:  0    Dex: 13    Spells: 6/9 levels left

rFire   . . .        c - +1 dagger (venom)
rCold   . . .        (no shield)
rNeg    . . .        a - +0 robe
rPois   .            (helmet restricted)
rElec   .            (no cloak)
rCorr   .            (no gloves)
SInv    .            (no boots)
Will    .....        (no amulet)
Stlth   ++           (no ring)
HPRegen 0.25/turn    (no ring)
MPRegen 0.11/turn

%: no passive effects
@: no status effects
A: horns 2
a: Renounce Religion, Draw Escape, Draw Destruction, Draw Summoning


You were on level 3 of the Dungeon.
You worshipped Nemelex Xobeh.
Nemelex Xobeh was aware of your devotion.
You visited 1 branch of the dungeon, and saw 3 of its levels.

You collected 130 gold pieces.

Inventory:

Hand Weapons
 c - a +1 dagger of venom (weapon)
Missiles
 n - a throwing net {!f}
Armour
 a - a +0 robe (worn)
Scrolls
 e - 3 scrolls of identify {unknown}
 f - a scroll of revelation {unknown}
 h - a scroll of fear {unknown}
 i - a scroll of poison {unknown}
 j - 2 scrolls of teleportation {unknown}
 l - a scroll of immolation {unknown}
 o - a scroll of silence {unknown}
Potions
 b - a potion of magic
 d - a potion of haste {unknown}
 g - a potion of brilliance {unknown}
 k - a potion of invisibility {unknown}
 m - a potion of mutation {unknown}


   Skills:
 + Level 3.1 Dodging
 - Level 1.7 Stealth
 - Level 3.0 Spellcasting
 - Level 1.0 Conjurations
 + Level 3.6 Fire Magic


You had 6 spell levels left.
You knew the following spells:

 Your Spells              Type           Power      Damage    Failure   Level
a - Foxfire               Conj/Fire      44%        2x1d6     6%          1
b - Scorch                Fire           30%        2d6       5%          2

Your spell library contained the following spells:

 Spells                   Type           Power      Damage    Failure   Level
 Slow                     Hex            8%         N/A       16%         1
 Inner Flame              Hex/Fire       9%         N/A       22%         3
 Volatile Blastmotes      Fire/Tloc      18%        2d11      22%         3
 Confusing Touch          Hex            2%         N/A       43%         3
 Sigil of Binding         Hex            2%         N/A       43%         3
 Vampiric Draining        Necr           2%         2d6       43%         3
 Flame Wave               Conj/Fire      11%        2d6       52%         4


Dungeon Overview and Level Annotations

Branches:
Dungeon (3/15)

Altars:
Nemelex Xobeh
Yredelemnul

Shops:
D:2 [


Innate Abilities, Weirdness & Mutations

You have a pair of horns on your head.


Message History

The ribbon worm is heavily wounded.
The ribbon worm's fire resistance burns away.
The ribbon worm bites you.
Flames lash the ribbon worm.
The ribbon worm is burned terribly!
You kill the ribbon worm!
You can't see any susceptible monsters within range! (Use Z to cast anyway.) Magic restored.
You see here a ball python corpse.
o - a scroll labelled DUENKIPESTR OMIEC A bat comes into view.
A bat is nearby!
The bat closely misses you. The bat hits you but does no damage.
The bat barely misses you.
You miss the bat. The bat misses you.
Flames lash the bat.
You kill the bat!
A ball python comes into view.
Found a stone staircase leading down.
A ball python is nearby!
A ball python is nearby!
The ball python misses you. The ball python closely misses you.
Flames lash the ball python.
The ball python is heavily wounded.
The ball python's fire resistance burns away.
The ball python barely misses you. The ball python misses you.
A ball python is nearby!
You hit the ball python.
You kill the ball python!
Found two human skeletons.
Found a faded altar of an unknown god.
Found an escape hatch in the ceiling.
You see here a ball python corpse.
There is a faded altar of an unknown god here.
This altar belongs to (a) Jiyva, (b) Sif Muna or (c) Nemelex Xobeh, but you can't tell which.
Press the corresponding letter to learn more about a god, or press enter to convert or escape to cancel.
Nemelex Xobeh accepts your prayer! Nemelex Xobeh welcomes you!
You can now draw from decks of power.
Nemelex will now gift you decks of power as you gain piety.
Nemelex Xobeh deals you some cards!
You now have 2 escape cards, 7 destruction cards and 1 summoning card.
Are you sure you want to abandon this character and quit the game? (Confirm with "yes".)

#..........# #..........#
#.....†....# #..........#
##### #..........# ....#
##........## ....##
##........# .....#
#.......#######
##.#.###.......#@÷÷..##
#....##.......#......##
##...##.......#.......# #
###.##.......#.......# ###
#.##.......#.....8.# ..#
#..#.#.....#.......##
#.###.....####.#.....8..##
#.........# #.#.........#
..........# #...........#


There were no monsters in sight!

Vanquished Creatures
  4 gnolls
  2 adders
  2 ribbon worms
  3 orcs (D:3)
  7 ball pythons
  8 endoplasms
  3 giant cockroaches
  4 goblins
  6 hobgoblins
  5 kobolds
  A quokka (D:1)
  5 bats
  2 frilled lizards (D:1)
  2 rats (D:2)
54 creatures vanquished.

Vanquished Creatures (others)
  28 foxfires
28 creatures vanquished.

Grand Total: 82 creatures vanquished

Notes
Turn   | Place    | Note
-------+----------+-------------------------------------------
     0 | D:1      | Aviak the Demonspawn Fire Elementalist began the quest for
                  | the Orb.
     0 | D:1      | Reached XP level 1. HP: 13/13 MP: 3/3
   399 | D:1      | Gained mutation: You have a pair of small horns on your
                  | head. [demonic ancestry]
   399 | D:1      | Reached XP level 2. HP: 12/19 MP: 1/5
  1127 | D:2      | Learned a level 2 spell: Scorch
  1306 | D:2      | Found a basalt altar of Yredelemnul.
  1314 | D:2      | Found Guohath's Armour Shoppe.
  1400 | D:2      | Reached XP level 3. HP: 24/24 MP: 3/6
  2191 | D:3      | Gained mutation: You have a pair of horns on your head.
                  | [demonic ancestry]
  2191 | D:3      | Reached XP level 4. HP: 28/30 MP: 3/8
  2825 | D:3      | Found a faded altar of an unknown god.
  2885 | D:3      | Prayed at the altar of an unknown god.
  2885 | D:3      | Became a worshipper of Nemelex Xobeh the Trickster
  2885 | D:3      | Reached * piety under Nemelex Xobeh
  2885 | D:3      | Received a gift from Nemelex Xobeh
  2886 | D:3      | Quit the game

Illustrated notes

Levels and vault maps discovered:
D:1:      minmay_arrival_arboretum_small, layout_loops_ring,
          grunt_decor_mini_mirrors
D:2:      layout_basic, serial_shops, nicolae_shop_waterfront, basic_altar,
          reono_crystal_passage, patterned_corridor
D:3:      layout_rooms, shapermc_ecumenical_altar_pompeii

Skill      XL: |  1  2  3  4 |
---------------+-------------+-----
Dodging        | 2 3 |  3.1
Fire Magic     | 3 |  3.6
Spellcasting   | 3 |  3.0
Stealth        | |  1.7
Conjurations   | |  1.0

Action                     |  1- 3 |  4- 6 || total
---------------------------+-------+-------++-------
  Melee: Dagger            |    79 |    24 ||   103
         Headbutt          |    13 |     4 ||    17
         Punch             |     2 |       ||     2
   Cast: Foxfire           |    18 |       ||    18
         Scorch            |    13 |     5 ||    18
   Stab: Sleeping          |     2 |       ||     2
 Armour: Robe              |    51 |    16 ||    67
  Dodge: Dodged            |    56 |    26 ||    82
